 Dungeon Crawl Stone Soup version 0.26.0-16-gc1dbca0489 (webtiles) character file.

Game seed: 10272611111800785893

33 112233 the Poker (level 3, -2/39 HPs)
             Began as an Octopode Fighter on Jan 19, 2021.
             Killed by divine providence
             ... invoked by an orc priest
              (11 damage)
             ... on level 3 of the Dungeon.
             The game lasted 00:00:57 (919 turns).

112233 the Poker (Octopode Fighter)                  Turns: 919, Time: 00:00:57

Health: -2/39      AC: 21    Str: 15    XL:     3   Next: 29%
Magic:  3/3        EV:  2    Int: 10    God:
Gold:   88         SH:  8    Dex: 12    Spells: 2/2 levels left

rFire    . . .     SeeInvis .   a - +0 trident
rCold    . . .     Faith    .   b - +0 kite shield
rNeg     + + +     Spirit   .   (helmet currently unavailable)
rPois    +         Reflect  .   (no amulet)
rElec    .         Harm     .   n - ring of wizardry
rCorr    .         Rampage  .   (no ring)
Will     .....     NoTele   +   (no ring)
Stlth    +.........             (no ring)
HPRegen  0.13/turn              (no ring)
MPRegen  0.08/turn              (no ring)
                                (no ring)
                                (no ring)

@: lethally poisoned (-2 -> -16), tree-form
A: almost no armour, stealthy swim, (amphibious), 8 rings, (constrict 8)
a: no special abilities


You were on level 3 of the Dungeon.
You were a tree.
You visited 1 branch of the dungeon, and saw 3 of its levels.

You collected 88 gold pieces.

Inventory:

Hand Weapons
 a - a +0 trident (weapon)
Armour
 b - a +0 kite shield (worn)
Jewellery
 n - a ring of wizardry (left branch)
Scrolls
 d - a scroll of random uselessness {unknown}
 e - a scroll of fear {unknown}
 g - a scroll of remove curse {unknown}
 h - 2 scrolls of identify {@r1}
 i - a scroll of teleportation {unknown}
 k - a scroll of enchant armour {unknown}
Potions
 c - a potion of might
 f - 3 potions of brilliance
 l - a potion of berserk rage {unknown}
 m - a potion of attraction {unknown}


   Skills:
 - Level 3.0 Fighting
 * Level 3.6 Polearms
 - Level 3.0 Dodging
 - Level 3.0 Shields


You had 2 spell levels left.
You didn't know any spells.
Your spell library was empty.

Dungeon Overview and Level Annotations

Branches:
Dungeon (3/15)

Altars:

Annotations:
D:3 Grinder


Innate Abilities, Weirdness & Mutations

You cannot wear most types of armour.
You are very stealthy in the water. (Stealth+)
((You are amphibious.))
You can wear up to eight rings at the same time.
((You can use your tentacles to constrict eight enemies at once.))
((Your skin changes colour to match your surroundings (Stealth+).))
((Your rubbery body absorbs attacks. (AC +1, EV +1)))


Message History

a worm corpse; a goblin corpse Unknown command.
Okay, then.
You feel sick.
The kobold throws a stone.
The stone hits you but does no damage.
You see here a stone.
As you read the scroll labelled XOUQEA WIASM, it crumbles to dust.
It is a scroll of identify.
f - 3 potions of brilliance
* * * LOW HITPOINT WARNING * * *
You feel sick. Grinder barely misses you. You block the adder's attack.
It was a potion of lignification.
You turn into a tree.
Your roots penetrate the ground.
* * * LOW HITPOINT WARNING * * *
You feel sick. The adder bites you but does no damage. Grinder hits you.
* * * LOW HITPOINT WARNING * * *
You block the kobold's attack.
The orc priest invokes the aid of Beogh against you.
Beogh smites you!
You die...

.... .###.
#.5.>.....
#.####.o##..#
......?.....# ..#
# #...#o..##..#.#
####.......##.<#.#
.................#
####..##SK###..##
#....♣5......#
#.......##...#
#............#
#.......##.#.#
....#...###.#.#
####...........#
#.<#######..# #..
#..# #..#######..#


You could see Grinder, an orc priest, an adder, an orc and a kobold.

Vanquished Creatures
  A worm (D:3)
  A dart slug (D:2)
  A ball python (D:1)
  4 giant cockroaches
  3 goblins
  3 hobgoblins
  5 bats
  2 frilled lizards (D:1)
  4 kobolds
  2 rats (D:1)
26 creatures vanquished.

Notes
Turn   | Place    | Note
-------+----------+-------------------------------------------
     0 | D:1      | 112233 the Octopode Fighter began the quest for the Orb.
     0 | D:1      | Reached XP level 1. HP: 16/16 MP: 1/1
   179 | D:1      | Reached XP level 2. HP: 21/21 MP: 2/2
   740 | D:2      | Reached XP level 3. HP: 24/26 MP: 3/3
   907 | D:3      | Noticed Grinder
   910 | D:3      | Paralysed by Grinder for 7 turns
   919 | D:3      | Killed from afar by an orc priest

Illustrated notes

Levels and vault maps discovered:
D:1:      dpeg_arrival_prison, layout_basic, grunt_decor_junction
D:2:      layout_rooms, grunt_ministairs_4, st_stairs_2
D:3:      layout_loops_ring, vehumet_crystals, gammafunk_ghost_abyssal_escape,
          goddamned_bats, uniq_terence, uniq_crazy_yiuf_cottage, uniq_grinder

Skill      XL: |  1  2 |
---------------+-------+-----
Polearms       | 3 |  3.6
Fighting       | |  3.0
Dodging        | |  3.0
Shields        | |  3.0

Action                   || total
-------------------------++-------
Melee: Trident           ||    61
       Constrict         ||    13
       Tentacles         ||     2
  Use: Scroll            ||     1
       Potion            ||     1
 Stab: Sleeping          ||     4
Armor: Skin              ||     7
Dodge: Dodged            ||    27
Block: Kite shield       ||    18
